 Dungeon Crawl Stone Soup version 0.30-a0-12-gd8047c6341 (webtiles) character file.

Game seed: 14665260138107949303

1490 siradein the Tainted (level 8, -3/63 HPs)
             Began as a Demonspawn Chaos Knight on Aug 24, 2022.
             Was an Initiate of Yredelemnul.
             Slain by a gnoll
             ... wielding a +0 spear
             ... led by a gnoll bouda
              (4 damage)
             ... on level 6 of the Dungeon.
             The game lasted 00:13:29 (7190 turns).

siradein the Tainted (Demonspawn Chaos Knight)      Turns: 7190, Time: 00:13:30

Health: -3/63      AC: 13    Str: 11    XL:     8   Next: 51%
Magic:  0/12       EV:  4    Int: 14    God:    Yredelemnul [......]
Gold:   298        SH:  0    Dex: 22    Spells: 7/7 levels left

rFire   . . .      SeeInvis .    k - +0 spear
rCold   . . .      Faith    .    (no shield)
rNeg    . . .      Spirit   +    r - +0 plate armour
rPois   .          Reflect  .    p - +0 helmet
rElec   .          Harm     .    (no cloak)
rCorr   .          Rampage  .    (no gloves)
Will    +....                    (no boots)
Stlth   ..........               m - amulet of guardian spirit
HPRegen 0.20/turn                i - +6 ring of dexterity
MPRegen 0.13/turn                (no ring)

@: no status effects
A: claws 1, thin skeletal structure 2, spiny 1, demonic magic 1, strong-willed
1, weak 2
a: Renounce Religion, Recall Undead Harvest


You were on level 6 of the Dungeon.
You worshipped Yredelemnul.
Yredelemnul was noncommittal.
You visited 1 branch of the dungeon, and saw 6 of its levels.

You collected 298 gold pieces.

Inventory:

Hand Weapons
 k - a +0 spear (weapon)
Armour
 p - a +0 helmet (worn)
 r - a +0 plate armour (worn)
Jewellery
 i - a +6 ring of dexterity (left claw)
 m - an amulet of guardian spirit (around neck)
Wands
 t - a wand of polymorph (9)
Scrolls
 a - 2 scrolls of blinking {unknown}
 b - a scroll of enchant armour {unknown}
 f - 3 scrolls of teleportation
 g - a scroll of poison
 n - a scroll of noise {unknown}
 o - 2 scrolls of immolation
 q - a scroll of summoning
Potions
 d - a potion of might
 e - 2 potions of curing
 h - a potion of attraction
 j - 2 potions of flight
 l - 2 potions of cancellation
 s - a potion of invisibility {unknown}
 u - a potion of haste
Miscellaneous
 c - a piece from Xom's chessboard (15/15) (quivered)


   Skills:
 + Level 5.6 Fighting
 + Level 5.0 Polearms
 + Level 4.6 Armour
 + Level 4.4 Dodging
 + Level 5.6 Invocations


You had 7 spell levels left.
You didn't know any spells.
Your spell library contained the following spells:

 Spells                   Type           Power      Damage    Failure   Level
 Foxfire                  Conj/Fire      0%         2x1d4     100%        1
 Ensorcelled Hibernation  Hex/Ice        0%         N/A       100%        2
 Conjure Flame            Conj/Fire      0%         6-21      100%        3
 Inner Flame              Hex/Fire       0%         N/A       100%        3
 Spider Form              Tmut/Pois      0%         N/A       100%        3
 Anguish                  Hex/Necr       0%         N/A       100%        4
 Animate Armour           Summ/Erth      0%         N/A       100%        4
 Flame Wave               Conj/Fire      0%         2d4       100%        4
 Hailstorm                Conj/Ice       0%         3d3       100%        4
 Ice Form                 Ice/Tmut       0%         N/A       100%        4
 Blade Hands              Tmut           0%         N/A       100%        5
 Iron Shot                Conj/Erth      0%         9d1       100%        6
 Simulacrum               Ice/Necr       Unusable   N/A       N/A         6

Dungeon Overview and Level Annotations

Branches:
Dungeon (6/15)
 Temple: D:4-7

Altars:
Gozag
Kikubaaqudgha
Nemelex Xobeh
Qazlal
Ru
Trog
Yredelemnul

Annotations:
D:6 Maggie


Innate Abilities, Weirdness & Mutations

You have sharp fingernails.
You have a moderately thin skeletal structure. (Dex +4, Stealth++)
You are partially covered in sharp spines.
Spells you cast may paralyse adjacent enemies.
You are strong-willed. (Will+)
You are very weak. (Str -4)


Message History

Maggie attempts to bespell you! You resist with almost no effort.
The gnoll hits you but does no damage.
Reach: k) +0 spear
Press: ? - help, Dir - move target, f/p - Maggie
Aim: Maggie, wielding a +0 long sword, wearing +0 acid dragon scales and carrying a wand of iceblast (5) (about 31% to evade your +0 spear)
You hit Maggie but do no damage.
The gnoll bouda is struck by your spines.
The gnoll bouda hits you but does no damage.
The gnoll hits you from afar with a +0 spear.
Maggie hits you with a +0 long sword!
* * * LOW HITPOINT WARNING * * *
The gnoll hits you but does no damage.
Reach: k) +0 spear
Press: ? - help, Dir - move target, f/p - Maggie
Aim: Maggie, wielding a +0 long sword, wearing +0 acid dragon scales and carrying a wand of iceblast (5) (about 31% to evade your +0 spear)
You hit Maggie but do no damage.
Your attacks no longer feel as feeble.
The gnoll hits you with a +0 whip.
* * * LOW HITPOINT WARNING * * *
The gnoll bouda is struck by your spines.
The gnoll bouda barely misses you. The gnoll hits you but does no damage.
Maggie hits you with a +0 long sword.
* * * LOW HITPOINT WARNING * * *
Reach: k) +0 spear
Press: ? - help, Dir - move target, f/p - Maggie
Aim: Maggie, wielding a +0 long sword, wearing +0 acid dragon scales and carrying a wand of iceblast (5) (about 31% to evade your +0 spear)
You hit Maggie but do no damage. The gnoll hits you but does no damage.
The gnoll hits you with a +0 whip.
* * * LOW HITPOINT WARNING * * *
Reach: k) +0 spear
Press: ? - help, Dir - move target, f/p - Maggie
Aim: Maggie, wielding a +0 long sword, wearing +0 acid dragon scales and carrying a wand of iceblast (5) (about 31% to evade your +0 spear)
You hit Maggie but do no damage.
The gnoll bouda is struck by your spines.
The gnoll bouda hits you with a +0 club!
* * * LOW HITPOINT WARNING * * *
The gnoll hits you from afar with a +0 spear.
You die...
Xom giggles madly!
Your body rises from the dead as a mindless zombie.

#####
#.g)##
#)g##
#@@.#
##g..#
g.....#
.#....#
.###..#
.# )##
.. # .$


You could see Maggie, a gnoll bouda and 3 gnolls.

Vanquished Creatures
  An orc warrior (D:6)
  A centaur (D:5)
  5 ogres
  2 phantoms (D:5)
  A necrophage (D:5)
  A scorpion (D:5)
  2 hounds
  A jelly (D:5)
  A gnoll bouda (D:4)
  3 orc wizards
  Natasha (twice) (D:4)
  8 adders
  10 gnolls
  An ufetubus (D:4)
  4 dart slugs
  5 orcs
  8 ball pythons
  7 bats
  11 endoplasms
  2 giant cockroaches
  4 hobgoblins
  4 jackals (D:2)
  3 quokkas
  4 frilled lizards
  8 goblins
  12 kobolds
  5 rats
116 creatures vanquished.

Vanquished Creatures (collateral kills)
  A hound (D:4)
  Jessica (D:2)
  Natasha (D:4)
  A shadow imp (D:5)
  2 dart slugs
  An orc (D:4)
  A ball python (D:4)
  A frilled lizard (D:2)
9 creatures vanquished.

Vanquished Creatures (others)
  3 ogre zombies
  A gnoll (D:6)
  A jelly zombie (D:5)
  A spectral shadow imp (D:5)
  An adder zombie (D:4)
  2 bat zombies (D:2)
  3 gnoll zombies
  3 ball python zombies (D:4)
  2 dart slug zombies
  2 endoplasm zombies
  A frilled lizard zombie (D:3)
  A goblin zombie (D:4)
  A hobgoblin zombie (D:3)
  A jackal zombie (D:2)
  A kobold zombie (D:3)
  3 orc zombies (D:4)
  A quokka zombie (D:4)
  2 rat zombies (D:3)
  7 plants (D:3)
37 creatures vanquished.

Grand Total: 162 creatures vanquished

Notes
Turn   | Place    | Note
-------+----------+-------------------------------------------
     0 | D:1      | siradein the Demonspawn Chaos Knight began the quest for
                  | the Orb.
     0 | D:1      | Reached XP level 1. HP: 18/18 MP: 1/1
    67 | D:1      | XOM: silly message
    96 | D:1      | XOM: silly message
   106 | D:1      | Reached skill level 1 in Dodging
   175 | D:1      | Gained mutation: You are partially covered in sharp spines.
                  | [demonic ancestry]
   175 | D:1      | Reached XP level 2. HP: 24/24 MP: 2/2
   255 | D:1      | XOM: silly message
   269 | D:1      | XOM: divination: detect creatures
   553 | D:1      | Found a faded altar of an unknown god.
   563 | D:1      | Gained mutation: You have a somewhat thin skeletal
                  | structure. (Dex +2, Stealth+) [demonic ancestry]
   563 | D:1      | Reached XP level 3. HP: 29/29 MP: 3/3
   563 | D:1      | Prayed at the altar of an unknown god.
   563 | D:1      | Fell from the grace of Xom
   563 | D:1      | Became a worshipper of Yredelemnul the Dark
   563 | D:1      | Reached * piety under Yredelemnul
   959 | D:2      | Reached skill level 1 in Invocations
   974 | D:2      | Gained mutation: Spells you cast may paralyse adjacent
                  | enemies. [demonic ancestry]
   974 | D:2      | Reached XP level 4. HP: 35/35 MP: 4/4
  1001 | D:2      | Noticed Jessica
  1019 | D:2      | Killed Jessica
  2022 | D:1      | XOM: summons 6 hostile demons
  2107 | D:3      | Found an opulent altar of Gozag.
  2107 | D:3      | Found a bloodstained altar of Trog.
  2175 | D:3      | Reached XP level 5. HP: 42/42 MP: 6/6
  2182 | D:3      | XOM: 4-stop teleportation journey
  2579 | D:2      | XOM: summons 4 hostile demons
  2872 | D:3      | XOM: summons 4 hostile demons
  3267 | D:3      | XOM: summons 1 hostile shadow creature
  3723 | D:4      | Noticed an ogre
  3724 | D:4      | Reached XP level 6. HP: 37/48 MP: 4/8
  3975 | D:4      | Noticed Natasha
  3980 | D:4      | Killed Natasha
  4094 | D:4      | Noticed Natasha
  4101 | D:4      | Killed Natasha
  4167 | D:4      | Found a sparkling altar of Nemelex Xobeh.
  4341 | D:4      | Noticed Natasha
  4342 | D:4      | Noticed an air elemental
  4349 | D:4      | Killed Natasha
  4350 | D:4      | Found a stormy altar of Qazlal.
  4352 | D:4      | Noticed a fire elemental
  4352 | D:4      | Noticed a water elemental
  4441 | D:4      | XOM: give mutations
  4441 | D:4      | Gained mutation: You are weak. (Str -2) [Xom's mischief]
  4441 | D:4      | Gained mutation: You are very weak. (Str -4) [Xom's
                  | mischief]
  4489 | D:4      | Gained mutation: You have sharp fingernails. [demonic
                  | ancestry]
  4489 | D:4      | Reached XP level 7. HP: 55/55 MP: 9/9
  4533 | D:4      | XOM: confusion
  5474 | D:5      | Entered Level 5 of the Dungeon
  5668 | D:5      | XOM: 1-stop teleportation journey
  5898 | D:5      | Found a sacrificial altar of Ru.
  6000 | D:5      | XOM: give mutation
  6000 | D:5      | Gained mutation: You are strong-willed. (Will+) [Xom's
                  | mischief]
  6110 | D:5      | Reached skill level 5 in Fighting
  6126 | D:5      | XOM: stat loss: -1 Int (12/13)
  6425 | D:5      | Gained mutation: You have a moderately thin skeletal
                  | structure. (Dex +4, Stealth++) [demonic ancestry]
  6425 | D:5      | Reached XP level 8. HP: 60/62 MP: 11/11
  6577 | D:5      | Reached skill level 5 in Invocations
  7058 | D:6      | Found an ancient bone altar of Kikubaaqudgha.
  7102 | D:6      | Reached skill level 5 in Polearms
  7169 | D:6      | Noticed Maggie
  7169 | D:6      | XOM: 5-stop teleportation journey
  7190 | D:6      | HP: 1/63 [gnoll bouda/+0 club (5)]
  7190 | D:6      | Slain by a gnoll

Illustrated notes

Levels and vault maps discovered:
D:1:      saegor_arrival_simple_a, layout_loops_ring,
          shapermc_ecumenical_altar_mp_highgroup, minmay_tetromino_t4
D:2:      layout_basic, uniq_jessica
D:3:      cheibrodos_old_hovel, layout_basic, amethyst_overflow_temple_binary
D:4:      layout_basic, mainiacjoe_overflow_tiny_flanked,
          nicolae_qazlal_style_of_elements, minmay_bisected, uniq_natasha
D:5:      layout_basic, marbit_many_paths, mainiacjoe_overflow_surrounded_room,
          hangedman_abyss_or_decor_stagger, serial_park_tiny_pond,
          kennysheep_generic_room_11
D:6:      layout_rooms, mainiacjoe_overflow_cross_hatched,
          minmay_temple_entry_tees, nicolae_elevator_lobby_plus, uniq_maggie

Skill      XL: |  1  2  3  4  5  6  7  8 |
---------------+-------------------------+-----
Dodging        | 1 2 3 4 |  4.4
Armour         | 2 3 4 |  4.6
Polearms       | 3 4 5 |  5.0
Invocations    | 1 2 3 4 5 |  5.6
Fighting       | 4 5 |  5.6

Action                   |  1- 3 |  4- 6 |  7- 9 || total
-------------------------+-------+-------+-------++-------
Melee: Spear             |    90 |   210 |   194 ||   494
       Punch             |       |     2 |     3 ||     5
Evoke: Piece from Xom's  |     7 |       |       ||     7
  Use: Scroll            |       |       |     9 ||     9
       Potion            |       |       |     1 ||     1
 Stab: Petrified         |     4 |       |       ||     4
       Confused          |     1 |       |       ||     1
       Sleeping          |     2 |     6 |     1 ||     9
Armor: Leather armour    |    23 |     7 |       ||    30
       Scale mail        |       |    46 |       ||    46
       Plate armour      |       |    17 |    99 ||   116
Dodge: Dodged            |    26 |    60 |    25 ||   111

Table legend: (Time is in decaauts)
 A = Elapsed time spent in this place.
 B = Non-inter-level travel time spent in this place.
 C = Inter-level travel time spent in this place.
 D = Time resting spent in this place.
 E = Time spent auto-exploring this place.
 F = Levels seen in this place.
 G = Mean time per level.
                   A        B        C        D        E       F      G
               +--------+--------+--------+--------+--------+-----+--------+
         Total |   7835 |   7624 |    211 |    689 |   5803 |   6 | 1305.8 |
       Dungeon |   7835 |   7624 |    211 |    689 |   5803 |   6 | 1305.8 |
               +--------+--------+--------+--------+--------+-----+--------+

Top non-repeatable levels by time:
     D:4: 1975 daAuts
     D:3: 1811 daAuts
     D:5: 1700 daAuts
     D:2: 1434 daAuts
     D:1: 776 daAuts
     D:6: 136 daAuts
